 Dungeon Crawl Stone Soup version 0.29-a0-297-g7659ce593d (webtiles) character file.

Game seed: 5897469117259445671

188 Dabor the Skirmisher (level 6, 0/48 HPs)
             Began as a Formicid Abyssal Knight on Mar 21, 2022.
             Was a Priest of Lugonu.
             Slain by Duvessa
             ... wielding a +0 short sword
              (11 damage)
             ... on level 4 of the Dungeon.
             The game lasted 00:07:39 (3354 turns).

Dabor the Skirmisher (Formicid Abyssal Knight)      Turns: 3354, Time: 00:07:40

Health: 0/48       AC:  3    Str: 19    XL:     6   Next: 0%
Magic:  6/8        EV: 12    Int: 10    God:    Lugonu [***...]
Gold:   131        SH:  0    Dex: 11    Spells: 5/5 levels left

rFire   . . .      SeeInvis +   a - +1 spear
rCold   . . .      Faith    .   (no shield)
rNeg    . . .      Spirit   .   s - +0 leather armour of Vehumet's Approval {Regen+}
rPois   .          Reflect  .   (helmet unavailable)
rElec   .          Harm     .   (no cloak)
rCorr   .          Rampage  .   (no gloves)
Will    .....                   (no boots)
Stlth   +.........              (no amulet)
HPRegen 0.96/turn               (no ring)
MPRegen 0.11/turn               (no ring)

@: mighty
A: permanent stasis, dig shafts and tunnels, antennae 3, four strong arms
a: Dig, Shaft Self, Renounce Religion, Depart the Abyss, Bend Space, Banish


You were on level 4 of the Dungeon.
You worshipped Lugonu.
Lugonu was most pleased with you.
You visited 1 branch of the dungeon, and saw 4 of its levels.
You visited the Abyss 1 time.

You collected 224 gold pieces.
You spent 93 gold pieces at shops.

Inventory:

Hand Weapons
 a - a +1 spear (weapon)
Missiles
 v - a poisoned dart (quivered)
Armour
 b - a +0 leather armour
 s - the +0 leather armour of Vehumet's Approval (worn) {Regen+}
   (You found it on level 3 of the Dungeon)

   Regen:     It increases your rate of health regeneration.
 t - the +2 robe "Xuitupamn" {rN++}
   (You found it on level 3 of the Dungeon)

   rN:        It greatly protects you from negative energy.
Jewellery
 p - an amulet of faith
Scrolls
 c - a scroll of amnesia
 o - a scroll of enchant weapon
Potions
 d - a potion of mutation {unknown}
 e - a potion of curing
 g - a potion of invisibility {unknown}
 h - a potion of heal wounds {unknown}
 k - 3 potions of cancellation {unknown}
 l - a potion of berserk rage {unknown}
 m - a potion of lignification {unknown}
 q - 2 potions of degeneration {unknown}
 u - a potion of flight {unknown}


   Skills:
 * Level 4.2 Fighting
 * Level 3.2 Polearms
 * Level 3.4 Armour
 * Level 2.2 Dodging
 + Level 3.1 Invocations


You had 5 spell levels left.
You didn't know any spells.
Your spell library contained the following spells:

 Spells                   Type           Power      Damage    Failure   Level
 Apportation              Tloc           0%         N/A       41%         1
 Slow                     Hex            0%         N/A       41%         1
 Corpse Rot               Necr/Air       0%         N/A       54%         2
 Poisonous Vapours        Pois/Air       0%         N/A       54%         2
 Confusing Touch          Hex            0%         N/A       78%         3
 Vampiric Draining        Necr           0%         2d6       78%         3
 Alistair's Intoxication  Tmut/Pois      0%         N/A       100%        5
 Yara's Violent Unravell  Hex/Tmut       0%         3d3       100%        5
 Enfeeble                 Hex            0%         N/A       100%        7


Dungeon Overview and Level Annotations

Branches:
Dungeon (4/15)             Temple (0/1) D:4

Altars:
Vehumet

Shops:
D:4 *

Annotations:
D:4 Dowan, Duvessa


Innate Abilities, Weirdness & Mutations

You cannot be hasted, slowed, berserked, paralysed or teleported.
You can dig through walls and to a lower floor.
You have a pair of large antennae on your head. (SInv)
Your four strong arms can wield two-handed weapons with a shield.


Message History

Reach: a) +1 spear
Press: ? - help, Dir - move target, f/p - Duvessa
Aim: Duvessa, wielding a +0 short sword and wearing a +0 ring mail (moderately wounded, very poisoned, about 30% to evade your +1 spear)
You reach to attack!
You hit Duvessa.
Duvessa is moderately wounded.
Duvessa says, "I don't care about looks, I care about technique!"
Space bends around you!
You blink.
Dowan mumbles some strange words.
Dowan blinks!
Dowan gestures at you while chanting. The puff of frost hits you!
Okay, then.
Okay, then.
It was a potion of might.
You feel very mighty all of a sudden. Dowan gestures at you while chanting.
The puff of flame hits you.
* * * LOW HITPOINT WARNING * * *
Space bends around you!
You blink.
Dowan gestures wildly while chanting.
Dowan blinks!
Unknown command.
You see here a poisoned dart.
v - a poisoned dart Dowan casts a spell at you.
The puff of flame hits you.
* * * LOW HITPOINT WARNING * * *
Throw: dart (poison)
Press: ? - help, Q - select action, (/) - cycle Shift-Dir - straight line, f/p - Duvessa
Aim: Duvessa, wielding a +0 short sword and wearing a +0 ring mail (heavily wounded, poisoned, 65% to hit)
Okay, then.
Reach: a) +1 spear
Press: ? - help, Dir - move target, f/p - Duvessa
Aim: Duvessa, wielding a +0 short sword and wearing a +0 ring mail (heavily wounded, poisoned, about 30% to evade your +1 spear)
You reach to attack!
You puncture Duvessa!
Duvessa is severely wounded.
You closely miss Duvessa.
Duvessa is severely wounded.
Duvessa hits you with a +0 short sword!
You die...

#....#.....#...............
#....#.....#.....##########
#....#.....#.....##
#....#.....#....>.#..........
###..#.....#......#..........
##########....e.#..........
#.......#..........
#....e..#..........
#.....@.#..........
#.....)(#..........
#######'#†.........
#.........e#'###...
#..........#...
#..........#...#
#..........#...#
#........(.##### ############


You could see Duvessa (poisoned) and Dowan.

Vanquished Creatures
  A scorpion (D:4)
  An iguana (D:4)
  3 adders
  3 worms (D:2)
  A dart slug (D:1)
  5 orcs (D:4)
  3 ball pythons
  5 bats
  8 endoplasms
  2 giant cockroaches
  8 goblins
  5 hobgoblins
  3 jackals (D:1)
  5 quokkas
  3 frilled lizards
  6 rats
62 creatures vanquished.

Vanquished Creatures (others)
  2 fungi (D:1)
  4 plants (D:1)
6 creatures vanquished.

Grand Total: 68 creatures vanquished

Notes
Turn   | Place    | Note
-------+----------+-------------------------------------------
     0 | Abyss:1  | Dabor the Formicid Abyssal Knight began the quest for the
                  | Orb.
     0 | Abyss:1  | Reached XP level 1. HP: 18/18 MP: 2/2
    65 | Abyss:1  | Noticed a large abomination
    66 | D:1      | Escaped the Abyss
   148 | D:1      | Reached skill level 1 in Dodging
   230 | D:1      | Reached XP level 2. HP: 23/24 MP: 3/3
   233 | D:1      | Found a faded altar of an unknown god.
   466 | D:1      | Reached XP level 3. HP: 16/29 MP: 4/4
  1608 | D:2      | Reached XP level 4. HP: 28/37 MP: 6/6
  2328 | D:3      | Reached *** piety under Lugonu
  2350 | D:3      | Identified the +0 leather armour of Vehumet's Approval
                  | {Regen+}
  2400 | D:3      | Identified the +2 robe "Xuitupamn" {rN++}
  2649 | D:3      | Found a radiant altar of Vehumet.
  3041 | D:4      | Found a staircase to the Ecumenical Temple.
  3102 | D:4      | Reached XP level 5. HP: 42/42 MP: 7/7
  3137 | D:4      | Reached skill level 4 in Fighting
  3150 | D:4      | Found Xufrulao's Assorted Antiques.
  3166 | D:4      | Bought a scroll labelled GARPHU LIES for 31 gold pieces
  3166 | D:4      | Bought a scroll labelled WUHYUTHRO YRPHO for 31 gold pieces
  3166 | D:4      | Bought a scroll labelled WUHYUTHRO YRPHO for 31 gold pieces
  3326 | D:4      | Reached XP level 6. HP: 48/48 MP: 8/8
  3329 | D:4      | Noticed Duvessa
  3329 | D:4      | Noticed Dowan
  3354 | D:4      | Slain by Duvessa

Illustrated notes

Levels and vault maps discovered:
D:1:      psy_arrival_whirlpool, layout_loops_ring,
          shapermc_ecumenical_altar_gd, minmay_tree_intersection
D:2:      layout_loops_ring
D:3:      layout_loops_cross, mainiacjoe_overflow_alcove_1, kennysheep_donut
D:4:      layout_gridville, minmay_temple_entry_statues_fountains, serial_shops,
          nicolae_shop_trees, uniq_duvessa, uniq_grinder, uniq_robin

Skill      XL: |  1  2  3  4  5 |
---------------+----------------+-----
Dodging        | 1 2 |  2.2
Armour         | 3 |  3.4
Invocations    | 3 |  3.1
Fighting       | 4 |  4.2
Polearms       | 3 |  3.2

Action                   |  1- 3 |  4- 6 || total
-------------------------+-------+-------++-------
Melee: Spear             |   126 |   126 ||   252
Throw: Dart              |       |     5 ||     5
Invok: Depart the Abyss  |     1 |       ||     1
       Bend Space        |       |     3 ||     3
  Use: Scroll            |       |     7 ||     7
       Potion            |       |     2 ||     2
 Stab: Sleeping          |     2 |     1 ||     3
       Distracted        |       |     1 ||     1
Armor: Leather armour    |    18 |    18 ||    36
Dodge: Dodged            |    44 |    46 ||    90

Table legend: (Time is in decaauts)
 A = Elapsed time spent in this place.
 B = Non-inter-level travel time spent in this place.
 C = Inter-level travel time spent in this place.
 D = Time resting spent in this place.
 E = Time spent auto-exploring this place.
 F = Levels seen in this place.
 G = Mean time per level.
                   A        B        C        D        E       F      G
               +--------+--------+--------+--------+--------+-----+--------+
         Total |   3350 |   3260 |     90 |     15 |   2544 |   5 |  670.0 |
       Dungeon |   3284 |   3194 |     90 |     15 |   2481 |   4 |  821.0 |
         Abyss |     66 |     66 |      0 |      0 |     63 |   1 |   66.0 |
               +--------+--------+--------+--------+--------+-----+--------+

Top non-repeatable levels by time:
     D:2: 1112 daAuts
     D:1: 1043 daAuts
     D:3: 798 daAuts
     D:4: 330 daAuts
 Abyss:1: 66 daAuts
